TOP OF THE 1ST |
Tulsa Drillers batting - Pitching for Wichita Aeros : LHP Darrell Jackson
|
Pitching: LHP Darrell Jackson
|
|
Batting: SHB Paul Householder
|
0-0: Called Strike 0-1: Fly out, F9 (Flyball, 9S, EV 90.0 MPH)
|
Batting: RHB Victor Rios
|
0-0: Ground out 5-3 (Groundball, 56, EV 92.5 MPH)
|
Batting: LHB Jim Adduci
|
0-0: Called Strike 0-1: Fly out, F7 (Flyball, 7D, EV 85.0 MPH)
|
Top of the 1st over - 0 runs, 0 hits, 0 errors, 0 left on base; Tulsa 0 - Wichita 0 |
BOTTOM OF THE 1ST |
Wichita Aeros batting - Pitching for Tulsa Drillers : RHP Karl Best
|
Pitching: RHP Karl Best
|
|
Batting: LHB Jesus Ramos
|
0-0: Called Strike 0-1: Foul Ball, location: 2F 0-2: Ball 1-2: Strikes out looking
|
Batting: LHB Michael Barnes
|
0-0: Called Strike 0-1: Swinging Strike 0-2: Ball 1-2: Strikes out swinging
|
Batting: LHB Omar Guerrero
|
0-0: Ball 1-0: Ball 2-0: Foul Ball, location: 2F 2-1: Ball 3-1: Foul Ball, location: 2F 3-2: Foul Ball, location: 2F 3-2: Ground out 4-3 (Groundball, 4M, EV 82.5 MPH)
|
Bottom of the 1st over - 0 runs, 0 hits, 0 errors, 0 left on base; Tulsa 0 - Wichita 0 |
TOP OF THE 2ND |
Tulsa Drillers batting - Pitching for Wichita Aeros : LHP Darrell Jackson
|
Batting: LHB Mike Pagliarulo
|
0-0: Ground out 5-3 (Groundball, 56, EV 88.8 MPH)
|
Batting: RHB Bob E Johnson
|
0-0: Ball 1-0: Ball 2-0: Called Strike 2-1: Ball 3-1: Foul Ball, location: 2F 3-2: Base on Balls
|
Batting: SHB Luis Quinones
|
0-0: Called Strike 0-1: Ball 1-1: Ball 2-1: Foul Ball, location: 2F 2-2: Strikes out looking
|
Batting: RHB Nick Belmonte
|
0-0: Ball 1-0: Ball 2-0: Foul Ball, location: 2F 2-1: Foul Ball, location: 2F 2-2: Ball Bob E Johnson is caught stealing 2nd base 2-4
|
Top of the 2nd over - 0 runs, 0 hits, 0 errors, 0 left on base; Tulsa 0 - Wichita 0 |
BOTTOM OF THE 2ND |
Wichita Aeros batting - Pitching for Tulsa Drillers : RHP Karl Best
|
Batting: RHB Dave Hoenstine
|
0-0: Ball 1-0: Ground out 1-3 (Groundball, P, EV 66.9 MPH)
|
Batting: LHB Angel Matos
|
0-0: Called Strike 0-1: Ball 1-1: Foul Ball, location: 2F 1-2: Foul Ball, location: 2F 1-2: Foul Ball, location: 2F 1-2: Ball 2-2: Strikes out swinging
|
Batting: LHB James Pellack
|
0-0: Called Strike 0-1: Ball 1-1: Called Strike 1-2: Strikes out swinging
|
Bottom of the 2nd over - 0 runs, 0 hits, 0 errors, 0 left on base; Tulsa 0 - Wichita 0 |
TOP OF THE 3RD |
Tulsa Drillers batting - Pitching for Wichita Aeros : LHP Darrell Jackson
|
Batting: RHB Nick Belmonte
|
0-0: Called Strike 0-1: Ball 1-1: Fly out, F8 (Line Drive, 8RD, EV 90.6 MPH)
|
Batting: LHB Casey Parsons
|
0-0: SINGLE (Flyball, 56D, EV 88.1 MPH)
|
Batting: RHB Onix Concepcion
|
0-0: Called Strike 0-1: Ball 1-1: Swinging Strike Passed Ball! Casey Parsons to second 1-2: Ball 2-2: DOUBLE (Flyball, 89XD, EV 98.8 MPH) Casey Parsons scores
|
Batting: SHB Paul Householder
|
0-0: Ball 1-0: DOUBLE (Groundball, 5L, EV 108.8 MPH) Onix Concepcion scores
|
Batting: RHB Victor Rios
|
0-0: Ground out 5-3 (Groundball, 56, EV 98.8 MPH)
|
Batting: LHB Jim Adduci
|
0-0: SINGLE (Line Drive, 9S, EV 90.0 MPH) Paul Householder to third Runner from 3rd tries for Home, SAFE, throw by RF to home
|
Batting: LHB Mike Pagliarulo
|
0-0: Fly out, F8 (Flyball, 8LS, EV 89.4 MPH)
|
Top of the 3rd over - 3 runs, 4 hits, 0 errors, 1 left on base; Tulsa 3 - Wichita 0 |
BOTTOM OF THE 3RD |
Wichita Aeros batting - Pitching for Tulsa Drillers : RHP Karl Best
|
Batting: RHB Gary House
|
0-0: Swinging Strike 0-1: Ground out U3 (Groundball, 34, EV 100.0 MPH)
|
Batting: RHB Bill Hayes
|
0-0: Ball 1-0: Ball 2-0: Foul Ball, location: 2F 2-1: Ball 3-1: Called Strike 3-2: Ground out 1-3 (Groundball, 15S, EV 62.5 MPH)
|
Batting: RHB Victor Mabee
|
0-0: Ball 1-0: Called Strike 1-1: Ball 2-1: Called Strike 2-2: SINGLE (Groundball, 56D, EV 112.5 MPH)
|
Batting: LHB Jesus Ramos
|
0-0: Ground out 2-3 (Groundball, 15S, EV 65.0 MPH)
|
Bottom of the 3rd over - 0 runs, 1 hit, 0 errors, 1 left on base; Tulsa 3 - Wichita 0 |
TOP OF THE 4TH |
Tulsa Drillers batting - Pitching for Wichita Aeros : LHP Darrell Jackson
|
Batting: RHB Bob E Johnson
|
0-0: Called Strike 0-1: Ball 1-1: Ball 2-1: Ground out U3 (Groundball, 34, EV 86.3 MPH)
|
Batting: SHB Luis Quinones
|
0-0: SINGLE (Line Drive, 8RS, EV 103.8 MPH)
|
Batting: RHB Nick Belmonte
|
0-0: Ball 1-0: Ball 2-0: Ball 3-0: Called Strike 3-1: Fielders Choice at 2nd, 5-4 (Groundball, 56S, EV 90.6 MPH)
|
Batting: LHB Casey Parsons
|
0-0: Ball Nick Belmonte is caught stealing 2nd base 2-6
|
Top of the 4th over - 0 runs, 1 hit, 0 errors, 0 left on base; Tulsa 3 - Wichita 0 |
BOTTOM OF THE 4TH |
Wichita Aeros batting - Pitching for Tulsa Drillers : RHP Karl Best
|
Batting: LHB Michael Barnes
|
0-0: Foul Ball, location: 2F 0-1: Foul Ball, location: 2F 0-2: Strikes out looking
|
Batting: LHB Omar Guerrero
|
0-0: Fly out, F8 (Flyball, 8LXD, EV 95.0 MPH)
|
Batting: RHB Dave Hoenstine
|
0-0: Ball 1-0: Ball 2-0: Foul Ball, location: 2F 2-1: Ball 3-1: Foul Ball, location: 2F 3-2: Base on Balls
|
Batting: LHB Angel Matos
|
0-0: Foul Ball, location: 2F 0-1: Foul Ball, location: 2F 0-2: Strikes out swinging
|
Bottom of the 4th over - 0 runs, 0 hits, 0 errors, 1 left on base; Tulsa 3 - Wichita 0 |
TOP OF THE 5TH |
Tulsa Drillers batting - Pitching for Wichita Aeros : LHP Darrell Jackson
|
Batting: LHB Casey Parsons
|
0-0: Foul Ball, location: 2F 0-1: Ball 1-1: Ball 2-1: Fly out, F3 (Line Drive, 3, EV 66.3 MPH)
|
Batting: RHB Onix Concepcion
|
0-0: Foul Ball, location: 2F 0-1: Ball 1-1: Called Strike 1-2: Ball 2-2: Foul Ball, location: 2F 2-2: SINGLE (Line Drive, 6D, EV 98.1 MPH)
|
Batting: SHB Paul Householder
|
0-0: Swinging Strike 0-1: Ball 1-1: Ball 2-1: Foul Ball, location: 2F 2-2: Foul Ball, location: 2F 2-2: Foul Ball, location: 2F 2-2: Strikes out swinging
|
Batting: RHB Victor Rios
|
0-0: Ball 1-0: Called Strike 1-1: Ball 2-1: Fielders Choice at 2nd, 6-4 (Groundball, 56, EV 83.1 MPH)
|
Top of the 5th over - 0 runs, 1 hit, 0 errors, 1 left on base; Tulsa 3 - Wichita 0 |
BOTTOM OF THE 5TH |
Wichita Aeros batting - Pitching for Tulsa Drillers : RHP Karl Best
|
Batting: LHB James Pellack
|
0-0: Ball 1-0: Called Strike 1-1: Ball 2-1: Ground out 1-3 (Groundball, 15S, EV 67.5 MPH)
|
Batting: RHB Gary House
|
0-0: Ball 1-0: Ball 2-0: Called Strike 2-1: Ball 3-1: Called Strike 3-2: Foul Ball, location: 2F 3-2: Foul Ball, location: 2F 3-2: Foul Ball, location: 2F 3-2: Base on Balls
|
Batting: RHB Bill Hayes
|
0-0: Ball 1-0: Called Strike 1-1: Foul Ball, location: 2F 1-2: Strikes out swinging
|
Batting: RHB Victor Mabee
|
0-0: Called Strike 0-1: Ball 1-1: Ground out 5-3 (Groundball, 56S, EV 88.8 MPH)
|
Bottom of the 5th over - 0 runs, 0 hits, 0 errors, 1 left on base; Tulsa 3 - Wichita 0 |
TOP OF THE 6TH |
Tulsa Drillers batting - Pitching for Wichita Aeros : LHP Darrell Jackson
|
Batting: LHB Jim Adduci
|
0-0: Ball 1-0: Called Strike 1-1: Swinging Strike 1-2: Ground out U3 (Groundball, 13, EV 89.4 MPH)
|
Batting: LHB Mike Pagliarulo
|
0-0: Swinging Strike 0-1: Ball 1-1: Ball 2-1: Fly out, F8 (Flyball, 89D, EV 90.6 MPH)
|
Batting: RHB Bob E Johnson
|
0-0: Called Strike 0-1: Ball 1-1: Ball 2-1: Ground out 6-3 (Groundball, 4MD, EV 103.1 MPH)
|
Top of the 6th over - 0 runs, 0 hits, 0 errors, 0 left on base; Tulsa 3 - Wichita 0 |
BOTTOM OF THE 6TH |
Wichita Aeros batting - Pitching for Tulsa Drillers : RHP Karl Best
|
Batting: LHB Jesus Ramos
|
0-0: Called Strike 0-1: Called Strike 0-2: Ground out 5-3 (Groundball, 5, EV 86.3 MPH)
|
Batting: LHB Michael Barnes
|
0-0: Ball 1-0: Ball 2-0: Ball 3-0: Base on Balls
|
Batting: LHB Omar Guerrero
|
0-0: Ball 1-0: Called Strike 1-1: Called Strike 1-2: Foul Ball, location: 2F 1-2: Ball 2-2: Ball 3-2: Base on Balls Michael Barnes to second
|
Batting: RHB Dave Hoenstine
|
0-0: Grounds into double play, 6-4-3 (Groundball, 6M, EV 91.3 MPH)
|
Bottom of the 6th over - 0 runs, 0 hits, 0 errors, 1 left on base; Tulsa 3 - Wichita 0 |
TOP OF THE 7TH |
Tulsa Drillers batting - Pitching for Wichita Aeros : LHP Darrell Jackson
|
Batting: SHB Luis Quinones
|
0-0: Foul Ball, location: 2F 0-1: Ball 1-1: Swinging Strike 1-2: Strikes out looking
|
Batting: RHB Nick Belmonte
|
0-0: Foul Ball, location: 2F 0-1: Fly out, F9 (Flyball, 89D, EV 85.6 MPH)
|
Batting: LHB Casey Parsons
|
0-0: Ball 1-0: Ball 2-0: Called Strike 2-1: Called Strike 2-2: SINGLE (Flyball, 5D, EV 99.4 MPH)
|
Batting: RHB Onix Concepcion
|
0-0: Ball 1-0: Called Strike 1-1: Foul Ball, location: 2F 1-2: Ball 2-2: Ground out 4-3 (Groundball, 4, EV 85.6 MPH)
|
Top of the 7th over - 0 runs, 1 hit, 0 errors, 1 left on base; Tulsa 3 - Wichita 0 |
BOTTOM OF THE 7TH |
Wichita Aeros batting - Pitching for Tulsa Drillers : RHP Karl Best
|
Batting: LHB Angel Matos
|
0-0: Called Strike 0-1: Called Strike 0-2: DOUBLE (Line Drive, 7LM, EV 106.9 MPH)
|
Batting: LHB James Pellack
|
0-0: Swinging Strike 0-1: Swinging Strike 0-2: Ball 1-2: Foul Ball, location: 2F 1-2: Foul Ball, location: 2F 1-2: Ball 2-2: Strikes out swinging
|
Batting: RHB Gary House
|
0-0: Ground out 4-3 (Groundball, 4MS, EV 61.3 MPH) Angel Matos to third
|
Batting: RHB Bill Hayes
|
0-0: Called Strike 0-1: Ball 1-1: Ball 2-1: Ball 3-1: Swinging Strike 3-2: Base on Balls
|
Batting: RHB Victor Mabee
|
0-0: Ball 1-0: Ball 2-0: Called Strike 2-1: Foul Ball, location: 2F 2-2: Strikes out swinging
|
Bottom of the 7th over - 0 runs, 1 hit, 0 errors, 2 left on base; Tulsa 3 - Wichita 0 |
TOP OF THE 8TH |
Tulsa Drillers batting - Pitching for Wichita Aeros : LHP Darrell Jackson
|
Batting: SHB Paul Householder
|
0-0: Called Strike 0-1: Called Strike 0-2: Ground out 6-3 (Groundball, 6, EV 107.5 MPH)
|
Batting: RHB Victor Rios
|
0-0: Ball 1-0: Foul Ball, location: 2F 1-1: Hit by Pitch
|
Batting: LHB Jim Adduci
|
0-0: Called Strike 0-1: Ball 1-1: Foul Ball, location: 2F 1-2: Ball 2-2: 2-RUN HOME RUN (Flyball, 9D, EV 109.4 MPH), Distance : 372 ft
|
Pitching: RHP Steve Crawford
|
|
Batting: LHB Mike Pagliarulo
|
0-0: Called Strike 0-1: Ball 1-1: Foul Ball, location: 2F 1-2: Foul Ball, location: 2F 1-2: Foul Ball, location: 2F 1-2: Foul Ball, location: 2F 1-2: SOLO HOME RUN (Flyball, 9LD, EV 98.1 MPH), Distance : 355 ft
|
Batting: RHB Bob E Johnson
|
0-0: Ball 1-0: Foul Ball, location: 2F 1-1: Ball 2-1: Ball 3-1: Foul Ball, location: 2F 3-2: Fly out, F3 (Popup, 3SF, EV 72.5 MPH)
|
Batting: SHB Luis Quinones
|
0-0: Ball 1-0: Foul Ball, location: 2F 1-1: Fly out, F8 (Flyball, 8RD, EV 98.1 MPH)
|
Top of the 8th over - 3 runs, 2 hits, 0 errors, 0 left on base; Tulsa 6 - Wichita 0 |
BOTTOM OF THE 8TH |
Wichita Aeros batting - Pitching for Tulsa Drillers : RHP Karl Best
|
Batting: LHB Jesus Ramos
|
0-0: Called Strike 0-1: Ground out 6-3 (Groundball, 6, EV 86.9 MPH)
|
Batting: LHB Michael Barnes
|
0-0: Ball 1-0: Foul Ball, location: 2F 1-1: Foul Ball, location: 2F 1-2: Strikes out swinging
|
Batting: LHB Omar Guerrero
|
0-0: Ball 1-0: Ball 2-0: Ball 3-0: Called Strike 3-1: Swinging Strike 3-2: Ground out 6-3 (Groundball, 6, EV 88.1 MPH)
|
Bottom of the 8th over - 0 runs, 0 hits, 0 errors, 0 left on base; Tulsa 6 - Wichita 0 |
TOP OF THE 9TH |
Tulsa Drillers batting - Pitching for Wichita Aeros : RHP Steve Crawford
|
Batting: RHB Nick Belmonte
|
0-0: Ball 1-0: Ball 2-0: Fly out, F7 (Flyball, 78D, EV 96.9 MPH)
|
Batting: LHB Casey Parsons
|
0-0: Ball 1-0: Swinging Strike 1-1: Ball 2-1: Ball 3-1: Called Strike 3-2: Foul Ball, location: 2F 3-2: Fly out, F6 (Line Drive, 6, EV 73.1 MPH)
|
Batting: RHB Onix Concepcion
|
0-0: Foul Ball, location: 2F 0-1: Ball 1-1: Ball 2-1: Ground out 5-3 (Groundball, 56S, EV 61.3 MPH)
|
Top of the 9th over - 0 runs, 0 hits, 0 errors, 0 left on base; Tulsa 6 - Wichita 0 |
BOTTOM OF THE 9TH |
Wichita Aeros batting - Pitching for Tulsa Drillers : RHP Karl Best
|
Batting: RHB Dave Hoenstine
|
0-0: Foul Ball, location: 2F 0-1: Foul Ball, location: 2F 0-2: SINGLE (Line Drive, 9S, EV 91.9 MPH)
|
Batting: LHB Angel Matos
|
0-0: Swinging Strike 0-1: Grounds into double play, 6-4-3 (Groundball, 6, EV 101.3 MPH)
|
Batting: LHB James Pellack
|
0-0: Ball 1-0: Ground out 2-3 (Groundball, 2R, EV 66.3 MPH)
|
Bottom of the 9th over - 0 runs, 1 hit, 0 errors, 0 left on base; Tulsa 6 - Wichita 0 |
|